AoeStats
← augustin.renard

MegaRandom

506626773Analyzed
3v3 RM · 18d ago on Sep 14, 2026· 53m 8s· 6 players
Game mode
Random Map
Map size
Normal (6 player)
Population
200
Speed
Normal
Resources
Standard
Victory
Conquest
Starting age
Dark Age
Ending age
Imperial Age
RankedLock teamsTeams togetherTeam positionsShared explorationLock speedFull tech treeHidden civsTurbo modeCheats
Victory
Defeat
🇩🇪 Franks · Germany
904
+14
🇨🇳 Lithuanians · China
849
+16
🇨🇱 Khmer · Chile
809
+18
🇪🇸 Goths · Spain
896
-17
🇩🇪 Ethiopians · Germany
871
-43
🇫🇷 Mongols · France
811
-14
EidechseKran22
0:31 Loom
10:04 Feudal Age
10:33 Double-Bit Axe
10:31 Horse Collar
17:33 Wheelbarrow
17:12 Scale Mail Armor
17:23 Forging
17:05 Fletching
17:16 Padded Archer Armor
17:23 Scale Barding Armor
18:44 Town Watch
22:18 Castle Age
20:12 Gold Mining
20:19 Stone Mining
21:04 Scale Barding Armor
23:49 Squires
24:04 Caravan
24:26 Bow Saw
27:07 Hand Cart
27:00 Heavy Plow
27:11 Husbandry
26:37 Elite Skirmisher
28:59 Chain Mail Armor
29:23 Iron Casting
32:21 Ballistics
31:54 Heated Shot
38:29 Imperial Age
37:35 Gold Shaft Mining
44:01 Chemistry
43:42 Conscription
43:27 Royal Heirs
42:49 Elite Shotel Warrior
43:52 Cavalier
43:55 Halberdier
44:28 Man-at-Arms
augustin.renard
0:46 Loom
12:09 Feudal Age
13:34 Wheelbarrow
12:50 Double-Bit Axe
13:44 Gold Mining
16:23 Horse Collar
23:48 Castle Age
23:15 Stone Mining
24:56 Bow Saw
24:51 Heavy Plow
25:19 Fletching
26:15 Hand Cart
26:30 Nomads
26:40 Bodkin Arrow
28:11 Stone Shaft Mining
29:26 Gold Shaft Mining
32:29 Murder Holes
32:49 Masonry
33:35 Scale Barding Armor
35:01 Ballistics
36:14 Chain Barding Armor
42:24 Imperial Age
41:41 Forging
41:36 Husbandry
41:48 Bloodlines
42:25 Caravan
43:15 Thumb Ring
44:15 Chemistry
43:21 Padded Archer Armor
43:59 Iron Casting
45:05 Bracer
45:22 Leather Archer Armor
45:59 Hoardings
45:46 Conscription
47:23 Parthian Tactics
Lucas Grijander
1:01 Loom
11:19 Feudal Age
13:17 Wheelbarrow
12:31 Double-Bit Axe
15:14 Man-at-Arms
16:35 Town Watch
19:18 Castle Age
19:23 Horse Collar
20:54 Squires
20:15 Pikeman
21:38 Forging
21:29 Scale Mail Armor
21:20 Fletching
22:08 Hand Cart
24:13 Bow Saw
33:31 Heavy Plow
38:41 Imperial Age
37:25 Ballistics
37:03 Murder Holes
37:19 Masonry
37:58 Anarchy
40:30 Chemistry
BABAN
0:27 Loom
9:57 Feudal Age
13:58 Wheelbarrow
16:48 Scale Barding Armor
16:54 Forging
21:48 Town Watch
24:14 Castle Age
23:12 Stone Mining
23:14 Gold Mining
23:10 Double-Bit Axe
25:38 Hand Cart
26:31 Gold Shaft Mining
26:43 Bow Saw
29:41 Caravan
32:36 Husbandry
36:05 Imperial Age
35:18 Chain Barding Armor
36:06 Cavalier
37:25 Plate Barding Armor
37:25 Iron Casting
37:10 Fletching
37:20 Padded Archer Armor
37:21 Scale Mail Armor
37:48 Paladin
41:41 Chivalry
42:29 Town Patrol
43:07 Hoardings
44:22 Blast Furnace
44:10 Elite Throwing Axeman
45:13 #83
45:15 Conscription
44:51 Light Cavalry
44:53 Pikeman
45:33 Squires
45:18 Arson
45:19 Gambesons
44:54 Man-at-Arms
46:09 Coinage
45:42 Halberdier
49:34 Long Swordsman
50:16 Bodkin Arrow
50:36 Leather Archer Armor
50:45 Chain Mail Armor
52:11 Two-Handed Swordsman
52:53 Spies/Treason
maRtin993♪
4:26 Loom
11:37 Feudal Age
12:52 Stone Mining
12:54 Gold Mining
13:23 Double-Bit Axe
14:11 Horse Collar
19:30 Wheelbarrow
20:58 Castle Age
21:33 Wheelbarrow
22:45 Heavy Plow
23:24 Stone Shaft Mining
23:00 Bow Saw
26:13 Forging
26:08 Scale Barding Armor
27:12 Hand Cart
28:22 Iron Casting
30:35 Chain Barding Armor
31:20 Town Watch
34:54 Imperial Age
35:05 Elite Leitis
36:30 Hoardings
35:19 Cavalier
36:01 Husbandry
36:14 Bloodlines
38:07 Plate Barding Armor
38:05 Town Patrol
39:26 Paladin
49:09 Chemistry
48:30 Ballistics
48:06 Murder Holes
drip_trpz #Grandma Peek
10:40 Feudal Age
15:24 Castle Age
18:18 Wheelbarrow
23:56 Bloodlines
23:47 Husbandry
23:10 Light Cavalry
29:38 Crossbowman
35:23 Imperial Age
35:30 Imperial Age
34:26 Ballistics
35:58 Tusk Swords
36:39 Arbalester
37:08 Elite Skirmisher
37:46 Elite Ballista Elephant
40:08 Forging
39:48 Fletching
39:59 Padded Archer Armor
40:05 Scale Barding Armor
42:06 Conscription
45:40 Loom
46:11 Hand Cart
45:48 Gold Mining
45:49 Stone Mining
48:56 Town Watch
49:10 Elite Battle Elephant
52:05 Hussar
Connection lost

Rejoining the realm…

Still unreachable

The connection could not be restored.

Session expired

The server has moved on; the page needs a fresh start.